 Dungeon Crawl Stone Soup version 0.19.0-2-gae57169 (webtiles) character file.

102 equalderp2856 the Ducker (level 4, -1/21 HPs)
             Began as a Felid Fighter on Nov 6, 2016.
             Slain by a bullfrog (6 damage)
             ... in a sewer.
             The game lasted 00:14:55 (4099 turns).

equalderp2856 the Ducker (Felid Fighter)            Turns: 4099, Time: 00:14:57

Health: -1/21      AC:  1    Str: 13    XL:     4   Next: 50%
Magic:  5/5        EV: 20    Int: 10    God:
Gold:   80         SH:  0    Dex: 15    Spells: 0 memorised, 3 levels left
                                        Lives:  0   Deaths: 1

rFire  . . .     SeeInvis +       - Unarmed
rCold  . . .     Gourm    .     (armour unavailable)
rNeg   . . .     Faith    .     (shield unavailable)
rPois  .         Spirit   .     (helmet unavailable)
rElec  .         Reflect  .     (cloak unavailable)
rCorr  .         Harm     .     (gloves unavailable)
MR     .....                    (boots unavailable)
Stlth  ++........               (no amulet)
                                (no ring)
                                f - ring of stealth

@: quick
A: no armour, no weapons or thrown items, stealth, claws 1, fangs 3, see
invisible, carnivore 3, speed 1, shaggy fur 1, slow metabolism 1, sharp paws
a: no special abilities


You were in a sewer.
You were not hungry.

You visited 1 branch of the dungeon, and saw 3 of its levels.
You also visited: Sewer.

You collected 80 gold pieces.

Inventory:

Hand Weapons
 t - a +0 rapier
Missiles
 e - 48 stones
 h - 14 bolts
Armour
 o - a +2 hat
Jewellery
 f - a ring of stealth (left paw)
 m - an uncursed amulet of harm {unknown}
 v - an uncursed ring of ice {unknown}
 w - an uncursed ring of protection from magic {unknown}
Scrolls
 c - a scroll of teleportation {unknown}
 d - 5 scrolls of recharging {unknown}
 j - a scroll of remove curse {unknown}
 k - 2 scrolls of blinking {unknown}
 p - a scroll of immolation {unknown}
 q - 2 scrolls of amnesia {unknown}
 u - a scroll of fog {unknown}
 x - a scroll of identify {unknown}
Potions
 a - a potion of might
 i - a potion of haste {unknown}
 l - a potion of cure mutation {unknown}
 n - a potion of magic {unknown}
 r - 2 potions of ambrosia {unknown}
 s - a potion of degeneration {unknown}
Comestibles
 b - 3 meat rations
 g - 6 bread rations


   Skills:
 + Level 3.3 Fighting
 + Level 5.5 Dodging
 + Level 2.8 Stealth
 + Level 5.5 Unarmed Combat


You had 3 spell levels left.
You didn't know any spells.

Dungeon Overview and Level Annotations

Branches:
Dungeon (3/15)

Altars:
Makhleb


Innate Abilities, Weirdness & Mutations

You cannot wear armour.
You are incapable of wielding weapons or throwing items.
Your paws allow you to move quietly. (Stealth)
You have sharp claws.
You have razor-sharp teeth.
You have supernaturally acute eyesight. (SInv)
You are carnivorous and can eat meat at any time.
You cover ground quickly.
You are covered in fur. (AC +1)
You have a slow metabolism.
Your sharp claws are effective at attacking unaware monsters.


Message History

The bullfrog closely misses you.
You enter the shallow water.
Moving in this stuff is going to be slow.
The bullfrog hits you. x2
Your unstable footing causes you to fumble your attack.
The bullfrog misses you.
Your unstable footing causes you to fumble your attack.
The bullfrog closely misses you.
You completely miss the bullfrog. Your bite misses the bullfrog.
The bullfrog hits you. The bullfrog barely misses you.
You barely miss the bullfrog. You bite the bullfrog.
The bullfrog is lightly wounded.
The bullfrog misses you.
Your unstable footing causes you to fumble your attack.
The bullfrog closely misses you. The bullfrog hits you.
* * * LOW HITPOINT WARNING * * *
You barely miss the bullfrog.
The bullfrog is lightly wounded.
The bullfrog hits you.
You die...

≈≈≈≈≈.≈≈≈≈...≈≈≈####
≈≈≈#########≈≈≈≈≈.≈##
####≈.≈≈≈≈≈####.≈.≈≈##
#≈≈≈≈≈≈.≈≈≈≈≈.###≈≈..##
≈.≈.#######...≈.##≈≈≈≈#
≈≈###≈≈≈≈≈###≈≈.≈##≈≈.##
.##≈≈≈.≈≈≈≈ ##≈.≈.#≈≈≈≈#
##≈≈≈..≈≈.≈ ##.≈≈##≈≈≈#
#≈≈≈.$$?..≈ #F@≈.#..≈#
#≈≈...$..≈≈ #.≈≈.#≈.≈#
#≈≈≈.?≈≈≈≈≈ #≈≈≈≈#≈.≈#
#≈≈≈.≈.≈≈≈≈ ##≈≈≈##≈≈.#
#≈≈.J≈..≈≈≈ ##÷≈≈.#≈≈≈≈#
##.≈#≈≈≈≈≈###≈≈≈≈##≈≈.##
≈#.≈#######≈.≈≈.##≈≈≈≈#
≈##...≈J†≈≈≈≈≈###≈≈≈≈##
≈≈#...≈F≈≈≈####≈≈.≈≈##


You could see a bullfrog.

Vanquished Creatures
  A hound (D:2)
  3 adders
  8 oozes
  4 worms
  13 leopard geckos
  9 giant cockroaches
  4 goblins
  9 hobgoblins
  3 kobolds
  A quokka (D:2)
  8 ball pythons
  4 bats
  16 frilled lizards
  8 rats
91 creatures vanquished.

Notes
Turn   | Place    | Note
-------+----------+-------------------------------------------
     0 | D:1      | equalderp2856 the Felid Fighter began the quest for the Orb.
     0 | D:1      | Reached XP level 1. HP: 10/10 MP: 2/2
   741 | D:1      | Reached XP level 2. HP: 10/14 MP: 3/3
  1532 | D:1      | Reached XP level 3. HP: 10/17 MP: 4/4
  1713 | D:2      | Reached skill level 1 in Stealth
  1780 | D:2      | Found a burning altar of Makhleb.
  1795 | D:2      | Reached skill level 5 in Unarmed Combat
  1795 | D:2      | Reached XP level 4. HP: 9/21 MP: 5/5
  2926 | D:3      | Reached skill level 5 in Dodging
  3096 | D:3      | Found a glowing drain.
  3147 | Sewer    | Entered a sewer
  3492 | Sewer    | Reached XP level 5. HP: 24/24 MP: 6/6
  3950 | Sewer    | Slain by a bullfrog
  3951 | Sewer    | Reached XP level 4. HP: -3/21 MP: 5/5
  4099 | Sewer    | Slain by a bullfrog

Skill      XL: |  1  2  3  4 |
---------------+-------------+-----
Stealth        | 1 2 |  2.8
Unarmed Combat | 5 |  5.5
Dodging        | 5 |  5.5
Fighting       | |  3.3

Action                   |  1- 3 |  4- 6 || total
-------------------------+-------+-------++-------
Melee: Unarmed           |    90 |   199 ||   289
       Bite              |     8 |    20 ||    28
       Punch             |       |     2 ||     2
 Stab: Sleeping          |     5 |     3 ||     8
  Eat: Chunk             |     4 |     4 ||     8
Armor: Skin              |     1 |     4 ||     5
Dodge: Dodged            |    62 |   177 ||   239
